[Event "Titled Tuesday Blitz July 11 Late 2023"]
[White "Garcia Ramos, Daniel"]
[Black "Pranav, V"]
[WhiteFideId "32010311"]
[BlackFideId "25060783"]
[WhiteElo "2610"]
[BlackElo "2948"]
[Result "0-1"]
[Round "3"]
[TimeControl "180+2"]
[Date "2023.07.11"]
[WhiteClock "0:00:06"]
[BlackClock "0:01:52"]
[Board "46"]

1. d4 Nf6 2. Bg5 Ne4 3. Bf4 c5 4. f3 Qa5+ 5. c3 Nf6 6. d5 Qb6 7. Bc1 e6 8. e4 exd5 9. exd5 Bd6 10. Na3 O-O 11. Nc4 Qc7 12. a4 b6 13. g3 Bb7 14. Ne3 Re8 15. Kf2 c4 16. Nxc4 Bc5+ 17. Kg2 Bxd5 18. Bf4 d6 19. Qd3 Nc6 20. b4 Bxg1 21. Rxg1 Ne5 22. Bxe5 dxe5 23. Nd2 Rad8 24. Qe3 e4 25. f4 Ng4 0-1


[Site "https://www.chess.com"]

[Event "Titled Tuesday Blitz July 11 Late 2023"]
[White "Maksimovic, Bojan"]
[Black "Grinev, Valeriy"]
[WhiteFideId "14408120"]
[BlackFideId "14117517"]
[WhiteElo "2843"]
[BlackElo "2593"]
[Result "1-0"]
[Round "3"]
[TimeControl "180+2"]
[Date "2023.07.11"]
[WhiteClock "0:00:12"]
[BlackClock "0:00:13"]
[Board "47"]

1. Nf3 c5 2. g3 Nc6 3. Bg2 g6 4. O-O Bg7 5. c3 e5 6. d3 Nge7 7. Nbd2 O-O 8. e4 d5 9. Re1 Re8 10. exd5 Nxd5 11. a4 h6 12. Nc4 b6 13. Qb3 Nc7 14. Nfd2 Bb7 15. Ne4 Re6 16. a5 Ba6 17. axb6 axb6 18. Nxb6 Rb8 19. Nxc5 Nd4 20. cxd4 Rexb6 21. Qc2 exd4 22. Nxa6 Nxa6 23. Bf4 Rc8 24. Qa4 Nc5 25. Qc4 Ne6 26. Qxc8 Qxc8 27. Ra8 Qxa8 28. Bxa8 Nxf4 29. gxf4 Rxb2 30. Bd5 Bf6 31. Bc4 Bh4 32. Rf1 Kg7 33. Kg2 h5 34. Kf3 f5 35. Kg2 Kf6 36. Kf3 Rd2 37. Kg2 Ke7 38. Re1+ Kd8 39. Rf1 Kc7 40. Bf7 Rxd3 41. Bxg6 Be7 42. Bxh5 Bd6 43. Bg6 Bxf4 44. Bxf5 Rd2 45. h4 Kd6 46. Kf3 Be5 47. h5 Ra2 48. h6 Ra8 49. h7 Rf8 50. Ke4 Rd8 51. Kd3 Rf8 52. f4 Bh8 53. Bg6 Ke7 54. f5 Rb8 55. Re1+ Kf6 56. Kxd4 Kg5+ 57. Kd5 Kf6 58. Re6+ Kg7 59. Re7+ Kf6 60. Rf7+ Kg5 61. Kc6 Ra8 62. Rb7 Rc8+ 63. Kd5 Rd8+ 64. Ke4 Ra8 65. Rb4 Kf6 66. Kf4 Rd8 67. Rb6+ Ke7 68. Kg5 Rd5 69. Rb7+ Rd7 70. Rb8 Rd8 71. Rxd8 Kxd8 72. f6 Kd7 73. Kf5 Kd6 74. Bh5 Kd7 75. Bg6 Kd6 76. Be8 Kc7 77. Ke6 Kd8 78. f7 Bg7 79. h8=Q Bxh8 80. f8=Q Bg7 81. Qe7+ Kc8 82. Qd7+ Kb8 83. Qxg7 Ka8 84. Qd7 Kb8 85. Kd6 Ka8 86. Kc6 Kb8 87. Qb7# 1-0


[Site "https://www.chess.com"]

[Event "Titled Tuesday Blitz July 11 Late 2023"]
[White "Vovk, Orest"]
[Black "Warmerdam, Max"]
[WhiteFideId "14113490"]
[BlackFideId "1048104"]
[WhiteElo "2521"]
[BlackElo "2805"]
[Result "1/2-1/2"]
[Round "3"]
[TimeControl "180+2"]
[Date "2023.07.11"]
[WhiteClock "0:00:04"]
[BlackClock "0:00:55"]
[Board "48"]

1. g4 e5 2. g5 Nc6 3. d3 d5 4. Bg2 Be6 5. h4 h6 6. c3 Qd7 7. Qa4 O-O-O 8. b4 Kb8 9. Be3 d4 10. b5 Nce7 11. Bd2 Bd5 12. Nf3 Ng6 13. c4 Be6 14. h5 Nf4 15. Bxf4 exf4 16. Nbd2 Qd6 17. a3 hxg5 18. Ne4 Qb6 19. Nfxg5 Nf6 20. Nxf6 gxf6 21. Nxe6 fxe6 22. Bf3 f5 23. Qb3 e5 24. Bd5 Bh6 25. a4 Qa5+ 26. Kf1 Rh7 27. Rb1 Rg7 28. Qb4 Qxb4 29. Rxb4 Rg5 30. a5 Rd6 31. a6 b6 32. Rb1 Bf8 33. Ke1 Rh6 34. Kd2 Kc8 35. Rbg1 Rxg1 36. Rxg1 Kd8 37. Rg6 Rxh5 38. Rf6 Bb4+ 39. Kc2 Bd6 40. Rf7 Rh2 41. Bc6 Rh8 42. Rd7+ Kc8 43. Rg7 Kd8 44. Rd7+ Kc8 45. Rg7 Rf8 46. Rh7 Kd8 47. f3 Be7 48. Rh5 Bd6 49. Rh7 Kc8 50. Rg7 Bc5 51. Rh7 Kd8 52. Rd7+ Kc8 53. Rh7 Rf6 54. Rh8+ Bf8 55. Rh7 Kd8 56. Rd7+ Kc8 57. Rh7 Bd6 58. Rh8+ Rf8 59. Rh7 Kb8 60. Rg7 Rh8 61. Rf7 Kc8 62. Rxf5 Kd8 63. Rf7 Be7 64. Rf5 Bd6 65. Rf7 Rh2 66. Rd7+ Kc8 67. Rg7 Kd8 68. Rd7+ Kc8 69. Rg7 Rh8 70. Rf7 Bb4 71. Rf5 Bd6 72. Rf7 Rg8 73. Rh7 Bb4 74. Rf7 Rg2 75. Rh7 Kd8 76. Kb3 Bd6 77. Rd7+ Kc8 78. Rh7 Kd8 79. Rd7+ Kc8 80. Rh7 Kd8 1/2-1/2


[Site "https://www.chess.com"]

[Event "Titled Tuesday Blitz July 11 Late 2023"]
[White "Keleberda, Tymur"]
[Black "carokannlover213"]
[WhiteFideId "14174294"]
[WhiteElo "2534"]
[BlackElo "2788"]
[Result "1-0"]
[Round "3"]
[TimeControl "180+2"]
[Date "2023.07.11"]
[WhiteClock "0:00:35"]
[BlackClock "0:00:14"]
[Board "49"]

1. e4 c5 2. Nf3 d6 3. c3 Nf6 4. h3 Nc6 5. Bd3 e5 6. Bc2 g6 7. d4 cxd4 8. cxd4 exd4 9. Nxd4 Bg7 10. Nc3 O-O 11. Nf3 d5 12. exd5 Re8+ 13. Be3 Nb4 14. Bb3 Ne4 15. Nxe4 Rxe4 16. O-O Bxb2 17. Rb1 Bf6 18. a3 Na6 19. d6 Rxe3 20. fxe3 Nc5 21. Bxf7+ Kxf7 22. Qd5+ Kg7 23. Qxc5 b6 24. Qc7+ Qxc7 25. dxc7 Bf5 26. Rbc1 Bb2 27. Rc4 Bd3 28. c8=Q Rxc8 29. Rxc8 Bxf1 30. Kxf1 a5 31. a4 Ba3 32. Rc6 Bc5 33. Ke2 Kf7 34. Kd3 1-0


[Site "https://www.chess.com"]

[Event "Titled Tuesday Blitz July 11 Late 2023"]
[White "Buchenau, Frank"]
[Black "Vakhlamov, Igor L."]
[WhiteFideId "4604350"]
[BlackFideId "24126748"]
[WhiteElo "2404"]
[BlackElo "2771"]
[Result "0-1"]
[Round "3"]
[TimeControl "180+2"]
[Date "2023.07.11"]
[WhiteClock "0:00:05"]
[BlackClock "0:01:58"]
[Board "50"]

1. e4 c5 2. Nf3 e6 3. d4 cxd4 4. Nxd4 Nf6 5. Nc3 Nc6 6. Nxc6 bxc6 7. e5 Nd5 8. Ne4 f5 9. exf6 Nxf6 10. Nd6+ Bxd6 11. Qxd6 Ba6 12. Bxa6 Qa5+ 13. Bd2 Qxa6 14. Bb4 O-O-O 15. Qd3 Qxd3 16. cxd3 Nd5 17. Ba5 Rdf8 18. O-O Rf5 19. Bd2 Rhf8 20. Rac1 Nf4 21. Bxf4 Rxf4 22. f3 Kc7 23. Rfe1 Rb4 24. Rc2 Rfb8 25. b3 a5 26. Re4 Kd6 27. Kf2 g6 28. Rcc4 c5 29. Rf4 Ke7 30. Ke3 d6 31. Kd2 d5 32. Rxb4 axb4 33. Kc2 h5 34. Rh4 Kf6 35. Rf4+ Ke7 36. Rh4 Ra8 37. Kb2 Kf6 38. Rf4+ Ke7 39. Rh4 Rf8 40. f4 Kf6 41. a3 bxa3+ 42. Kxa3 Rb8 43. Rh3 Rb4 44. Rf3 Kf5 45. g3 h4 46. Kb2 hxg3 47. hxg3 c4 48. dxc4 dxc4 49. Ka3 Rxb3+ 50. Rxb3 cxb3 51. Kxb3 Kg4 52. Kc4 Kxg3 0-1


[Site "https://www.chess.com"]

[Event "Titled Tuesday Blitz July 11 Late 2023"]
[White "Martinez Reyes, Pedro Ramon"]
[Black "Leitao, Rafael"]
[WhiteFideId "3901807"]
[BlackFideId "2101246"]
[WhiteElo "2505"]
[BlackElo "2754"]
[Result "0-1"]
[Round "3"]
[TimeControl "180+2"]
[Date "2023.07.11"]
[WhiteClock "0:00:06"]
[BlackClock "0:00:13"]
[Board "51"]

1. e4 e5 2. Nf3 Nc6 3. Nc3 Nf6 4. Be2 Bc5 5. Nxe5 Nxe5 6. d4 Bd6 7. dxe5 Bxe5 8. Nb5 a6 9. f4 axb5 10. fxe5 Nxe4 11. O-O O-O 12. Qd5 Ng5 13. Qxb5 Ne6 14. Qd3 b6 15. Bf3 Ra5 16. Be4 Qh4 17. g3 Qh3 18. Bf5 Qh5 19. b4 Rxe5 20. Bb2 Re2 21. h4 Bb7 22. Rf2 Rxf2 23. Kxf2 Ba6 24. b5 Nc5 25. Bxh7+ Qxh7 26. Qxh7+ Kxh7 27. bxa6 Ra8 28. Rd1 Rxa6 29. a3 d6 30. Re1 Ra4 31. Re7 Rc4 32. c3 Kg6 33. Ke2 Kf6 34. Re8 Ne6 35. Kd3 d5 36. Ra8 Kf5 37. Rg8 g6 38. h5 gxh5 39. a4 Nc5+ 40. Kd2 Nxa4 41. Ba1 Nc5 42. Rf8 Nb3+ 43. Kd3 Nxa1 44. Rxf7+ Kg4 45. Rh7 Nb3 46. Kc2 Nc5 47. Kd2 Ne4+ 48. Ke3 Rxc3+ 49. Kd4 Rxg3 50. Rg7+ Ng5 51. Rxc7 h4 52. Rc1 h3 53. Ke5 h2 54. Rh1 Nf3+ 55. Kd6 Rg1 56. Rxh2 Nxh2 57. Kxd5 0-1


[Site "https://www.chess.com"]

[Event "Titled Tuesday Blitz July 11 Late 2023"]
[White "Andreassen, Lars"]
[Black "Oro, Faustino"]
[WhiteFideId "1504878"]
[BlackFideId "20000197"]
[WhiteElo "2380"]
[BlackElo "2742"]
[Result "1-0"]
[Round "3"]
[TimeControl "180+2"]
[Date "2023.07.11"]
[WhiteClock "0:00:05"]
[BlackClock "0:00:03"]
[Board "52"]

1. d4 Nf6 2. Nf3 e6 3. Bg5 Be7 4. e3 O-O 5. c4 d5 6. Nc3 Nbd7 7. Qc2 h6 8. Bh4 c6 9. Bd3 dxc4 10. Bxc4 b5 11. Bb3 Bb7 12. O-O a6 13. e4 c5 14. e5 Ne8 15. Bxe7 Qxe7 16. dxc5 Bxf3 17. gxf3 Qxc5 18. f4 Nc7 19. Ne4 Qxc2 20. Bxc2 Nd5 21. Rfd1 N7b6 22. f5 exf5 23. Nd6 g6 24. Bb3 Nf4 25. Kh1 Kg7 26. Rg1 Nd7 27. Nxf5+ Kh7 28. Rg4 Nd3 29. Rd4 N7xe5 30. f4 Nf2+ 31. Kg2 Neg4 32. Nd6 Rad8 33. h3 h5 34. hxg4 Nxg4 35. f5 Kg7 36. Kf3 Kf6 37. Rad1 Rb8 38. Bxf7 Ne5+ 39. Ke4 Nxf7 40. fxg6 Ng5+ 41. Ke3 Kxg6 42. Rg1 Rf6 43. Ne4 Rf5 44. Rd6+ Kg7 45. Rxg5+ Rxg5 46. Nxg5 Re8+ 47. Kf4 Rf8+ 48. Kg3 Rf1 49. Rxa6 Rb1 50. b3 Rc1 51. Kh4 Rh1+ 52. Nh3 Rg1 53. Rb6 Rg4+ 54. Kxh5 Rg2 55. Rxb5 Rxa2 56. Rb7+ Kf6 57. b4 Ke6 58. Ng5+ Kd5 59. Kg6 Kc4 60. b5 Ra5 61. b6 Kd5 62. Rb8 Rb5 63. b7 Kc6 64. Ne6 Kd7 65. Rd8+ 1-0


[Site "https://www.chess.com"]

[Event "Titled Tuesday Blitz July 11 Late 2023"]
[White "Fajdetic, Hrvoje"]
[Black "Matinian, Nikita"]
[WhiteFideId "14501945"]
[BlackFideId "24129100"]
[WhiteElo "2340"]
[BlackElo "2690"]
[Result "0-1"]
[Round "3"]
[TimeControl "180+2"]
[Date "2023.07.11"]
[WhiteClock "0:00:00"]
[BlackClock "0:01:10"]
[Board "53"]

1. d4 Nf6 2. Bf4 g6 3. Nc3 d5 4. e3 c6 5. Qd2 b5 6. f3 Bg7 7. g4 Nbd7 8. h4 Nb6 9. h5 b4 10. Nd1 a5 11. hxg6 hxg6 12. Rxh8+ Bxh8 13. Nf2 Bg7 14. O-O-O Nc4 15. Bxc4 dxc4 16. e4 Qb6 17. Be3 Qb5 18. Ne2 Be6 19. c3 Rb8 20. Nf4 Nd7 21. Nxe6 fxe6 22. Rh1 bxc3 23. Qxc3 Nc5 24. Rh7 Na4 25. Qa3 c3 26. Rxg7 cxb2+ 27. Kd2 Qb4+ 28. Qxb4 Rxb4 29. Bg5 b1=Q 0-1


[Site "https://www.chess.com"]

[Event "Titled Tuesday Blitz July 11 Late 2023"]
[White "Bolourchifard, Farzad"]
[Black "Bok, Benjamin"]
[WhiteFideId "12510084"]
[BlackFideId "1017063"]
[WhiteElo "2664"]
[BlackElo "2978"]
[Result "0-1"]
[Round "3"]
[TimeControl "180+2"]
[Date "2023.07.11"]
[WhiteClock "0:00:18"]
[BlackClock "0:00:12"]
[Board "54"]

1. d4 Nf6 2. Nf3 e6 3. c4 b6 4. a3 Bb7 5. Nc3 d5 6. Qa4+ Qd7 7. Qxd7+ Nbxd7 8. cxd5 Nxd5 9. e3 Nxc3 10. bxc3 c5 11. a4 Bd6 12. Bb5 a6 13. Bxd7+ Kxd7 14. O-O Rhc8 15. Ba3 a5 16. Rab1 Ra6 17. Rfd1 Ke7 18. Nd2 cxd4 19. Bxd6+ Kxd6 20. cxd4 Rc2 21. Rbc1 Rxc1 22. Rxc1 Bc6 23. Nc4+ Ke7 24. Rb1 Bxa4 25. Nxb6 Be8 26. Nc4 a4 27. Kf1 a3 28. Ra1 Bb5 29. Ke1 Bxc4 30. Kd2 f5 31. Kc3 Bd5 32. Kb4 a2 33. f3 Rb6+ 34. Kc5 Rb1 0-1


[Site "https://www.chess.com"]

[Event "Titled Tuesday Blitz July 11 Late 2023"]
[White "kiwibobo"]
[Black "Kollars, Dmitrij"]
[BlackFideId "12909572"]
[WhiteElo "2333"]
[BlackElo "2975"]
[Result "0-1"]
[Round "3"]
[TimeControl "180+2"]
[Date "2023.07.11"]
[WhiteClock "0:01:28"]
[BlackClock "0:02:09"]
[Board "55"]

1. e4 c5 2. Nf3 e6 3. d4 cxd4 4. Nxd4 Nf6 5. Nc3 Nc6 6. Nxc6 bxc6 7. e5 Nd5 8. Ne4 Qc7 9. f4 Qb6 10. c4 Bb4+ 11. Ke2 f5 12. Nf2 Ne7 13. Kf3 g5 14. fxg5 Ng6 15. h4 Nxe5+ 16. Kg3 O-O 17. Bf4 Ng6 18. Nd3 Nxf4 19. Nxf4 Qc7 20. Kf3 e5 21. Ne2 e4+ 22. Kf2 Bc5+ 23. Ke1 f4 24. a3 f3 25. gxf3 exf3 0-1


[Site "https://www.chess.com"]

[Event "Titled Tuesday Blitz July 11 Late 2023"]
[White "Osmak, Yuliia"]
[Black "Kramnik, Vladimir"]
[WhiteFideId "14101602"]
[BlackFideId "4101588"]
[WhiteElo "2515"]
[BlackElo "2968"]
[Result "0-1"]
[Round "3"]
[TimeControl "180+2"]
[Date "2023.07.11"]
[WhiteClock "0:00:02"]
[BlackClock "0:00:14"]
[Board "56"]

1. d4 d5 2. c4 e6 3. Nc3 Nf6 4. cxd5 exd5 5. Bg5 c6 6. e3 h6 7. Bh4 Be7 8. Bd3 O-O 9. Qc2 Re8 10. Nf3 Ne4 11. Bxe7 Qxe7 12. Bxe4 dxe4 13. Nd2 Bf5 14. O-O Na6 15. a3 Nc7 16. f3 Qg5 17. f4 Qe7 18. Rac1 Rad8 19. Qa4 Ne6 20. Qxa7 c5 21. d5 Nc7 22. Nb3 b6 23. Rfd1 Nxd5 24. Qxe7 Nxe7 25. Kf2 Be6 26. Nd2 Bg4 27. Ndxe4 Bxd1 28. Rxd1 Rxd1 29. Nxd1 Nd5 30. Ndc3 Nxc3 31. Nxc3 Rd8 32. Ke2 f5 33. h3 Kf7 34. g4 g6 35. gxf5 gxf5 36. e4 fxe4 37. Nxe4 Ke6 38. Ke3 Rd1 39. Nc3 Rh1 40. Ke4 Re1+ 41. Kf3 Kf5 42. Nd5 Rb1 43. Ne3+ Ke6 44. f5+ Kf7 45. Nc4 b5 46. Nd6+ Kf6 47. Nxb5 Rxb2 48. Kg4 Rxb5 0-1


[Site "https://www.chess.com"]

[Event "Titled Tuesday Blitz July 11 Late 2023"]
[White "ArchibaldCerveza29"]
[Black "Durarbayli, Vasif"]
[BlackFideId "13402935"]
[WhiteElo "2514"]
[BlackElo "2914"]
[Result "0-1"]
[Round "3"]
[TimeControl "180+2"]
[Date "2023.07.11"]
[WhiteClock "0:00:12"]
[BlackClock "0:02:08"]
[Board "57"]

1. e4 c5 2. c3 d5 3. exd5 Qxd5 4. d4 Nf6 5. Nf3 e6 6. Be3 cxd4 7. cxd4 Bb4+ 8. Nc3 O-O 9. Bd3 b6 10. O-O Bxc3 11. bxc3 Ba6 12. Bxa6 Nxa6 13. Ne5 Rac8 14. Qa4 Qb7 15. Rac1 Nb8 16. c4 Nc6 17. Rfd1 h6 18. Rd3 Rfd8 19. Rcd1 Nxe5 20. dxe5 Rxd3 21. Rxd3 Ng4 22. Bf4 Qe4 0-1


[Site "https://www.chess.com"]

[Event "Titled Tuesday Blitz July 11 Late 2023"]
[White "Tang, Andrew"]
[Black "Dixit, Nikhil"]
[WhiteFideId "2059630"]
[BlackFideId "5059534"]
[WhiteElo "2909"]
[BlackElo "2514"]
[Result "1-0"]
[Round "3"]
[TimeControl "180+2"]
[Date "2023.07.11"]
[WhiteClock "0:01:15"]
[BlackClock "0:00:23"]
[Board "58"]

1. d4 Nf6 2. c4 g6 3. f3 Bg7 4. e4 O-O 5. Nc3 d6 6. Nge2 c6 7. Be3 a6 8. c5 b5 9. cxd6 exd6 10. Nf4 b4 11. Na4 d5 12. e5 Ne8 13. Nd3 Nc7 14. Nxb4 Nb5 15. Be2 f6 16. exf6 Qxf6 17. Nb6 Ra7 18. Nxc8 Rxc8 19. Bxb5 Re7 20. O-O Rxe3 21. Nc2 Re7 22. Bd3 Nd7 23. Bxa6 Rce8 24. Qd2 Nb6 25. Rae1 h5 26. a3 h4 27. Rxe7 Rxe7 28. Re1 Rxe1+ 29. Qxe1 Qf4 30. Qd1 h3 31. g3 Qf6 32. Bf1 Nc4 33. Bxc4 dxc4 34. Qf1 Qe6 35. Kf2 c3 36. bxc3 Qa2 37. Qd3 Qxa3 38. Nxa3 1-0


[Site "https://www.chess.com"]

[Event "Titled Tuesday Blitz July 11 Late 2023"]
[White "Ter-Sahakyan, Samvel"]
[Black "Tifferet, Shaked"]
[WhiteFideId "13302531"]
[BlackFideId "2811529"]
[WhiteElo "2837"]
[BlackElo "2514"]
[Result "1-0"]
[Round "3"]
[TimeControl "180+2"]
[Date "2023.07.11"]
[WhiteClock "0:00:05"]
[BlackClock "0:00:00"]
[Board "59"]

1. e4 c5 2. Nf3 d6 3. Bc4 e6 4. O-O Nf6 5. Re1 a6 6. Bf1 Be7 7. c3 O-O 8. d4 d5 9. e5 Nfd7 10. Bd3 Nc6 11. Nbd2 cxd4 12. cxd4 Qb6 13. Nf1 f5 14. exf6 Nxf6 15. Ng3 Kh8 16. Bc2 Bd7 17. a3 Rac8 18. Rb1 Bd6 19. Be3 Qc7 20. Rc1 Qb6 21. Rb1 Qc7 22. Bd3 Ng4 23. Bd2 e5 24. dxe5 Ncxe5 25. Be2 Bc5 26. Rf1 Qb6 27. Be1 Ng6 28. b4 Bd6 29. Rc1 Rce8 30. Bd2 h6 31. Nh5 Rf5 32. Ng3 Rf7 33. Bd3 Nf4 34. Bxf4 Rxf4 35. Rc2 Ref8 36. Re2 Bc6 37. Qc2 Qd8 38. Rfe1 Rxf3 39. gxf3 Rxf3 40. Bg6 Nf6 41. Bh5 Rf4 42. Bg6 d4 43. Qd3 Qf8 44. Bf5 Nd5 45. Bg6 Nc3 46. Re8 Bxe8 47. Rxe8 Rxf2 48. Rxf8+ Rxf8 49. Qc4 Bxg3 50. hxg3 Nb5 51. Qd3 Rd8 52. Bf7 Nd6 53. Bb3 Ne8 54. Bc2 Nf6 55. Kg2 Kg8 56. Kh3 Kf8 57. Bb3 Rd6 58. Qg6 Rd7 59. Bc2 b6 60. Bd3 a5 61. Qf5 Re7 62. bxa5 bxa5 63. Qxa5 Re3 64. Qd8+ Kf7 65. Qxd4 Re1 66. Bc4+ Kg6 67. Qd3+ Kg5 68. Qd2+ Re3 69. Qxe3+ Kh5 70. Be2+ Kg6 71. Bd3+ Kh5 72. Qe5+ g5 73. Be2+ Ng4 74. Bxg4+ 1-0


[Site "https://www.chess.com"]

[Event "Titled Tuesday Blitz July 11 Late 2023"]
[White "Beerdsen, Thomas"]
[Black "Zhang, Derek"]
[WhiteFideId "1030108"]
[BlackFideId "2087871"]
[WhiteElo "2821"]
[BlackElo "2513"]
[Result "1-0"]
[Round "3"]
[TimeControl "180+2"]
[Date "2023.07.11"]
[WhiteClock "0:01:20"]
[BlackClock "0:00:00"]
[Board "60"]

1. e4 e6 2. c4 d5 3. cxd5 exd5 4. Qb3 Nf6 5. e5 Ne4 6. Nc3 Nc6 7. Nf3 Bc5 8. d4 Bxd4 9. Nxd4 Nxd4 10. Qa4+ Nc6 11. Nxe4 dxe4 12. Qxe4 O-O 13. Be2 Re8 14. Bf4 f6 15. O-O fxe5 16. Be3 Qf6 17. Bd3 g6 18. Rfe1 Kg7 19. Rad1 Bf5 20. Qa4 Rad8 21. Be2 Rxd1 22. Rxd1 Rd8 23. Rc1 Rd7 24. h3 Nd4 25. Bd1 a6 26. Qa5 c6 27. Qb6 Bd3 28. Kh2 Be4 29. Bg4 Bf5 30. Bd1 Be4 31. a4 Nf5 32. Bc5 Nd4 33. Kg1 Rf7 34. f3 Bd5 35. Rc3 Nf5 36. Bf2 e4 37. fxe4 Bxe4 38. Bg4 h5 39. Bxf5 Qxf5 40. Rg3 h4 41. Rg4 Bd3 42. Bd4+ Kg8 43. Qd8+ Rf8 44. Qxh4 Qf1+ 45. Kh2 Be2 46. Rxg6+ Kf7 47. Rf6+ 1-0


[Site "https://www.chess.com"]

[Event "Titled Tuesday Blitz July 11 Late 2023"]
[White "Womacka, Mathias"]
[Black "Gareyev, Timur"]
[WhiteFideId "4611390"]
[BlackFideId "14200937"]
[WhiteElo "2507"]
[BlackElo "2802"]
[Result "1-0"]
[Round "3"]
[TimeControl "180+2"]
[Date "2023.07.11"]
[WhiteClock "0:00:37"]
[BlackClock "0:00:00"]
[Board "61"]

1. e4 d5 2. exd5 Qxd5 3. Nc3 Qe5+ 4. Be2 Nf6 5. d4 Qa5 6. Nf3 Nc6 7. Bd2 Bg4 8. Nb5 Qb6 9. c4 Bxf3 10. Bxf3 a6 11. d5 Ne5 12. Nc3 O-O-O 13. O-O e6 14. Bf4 Nxc4 15. Qe2 exd5 16. Nxd5 Nxd5 17. Bxd5 Rxd5 18. Qxc4 Qc6 19. Qxc6 bxc6 20. Rac1 Kd7 21. Rc4 Bd6 22. Be3 Rb8 23. b3 Rb4 24. Rxb4 Bxb4 25. Rc1 Bd2 26. Rc4 Bxe3 27. fxe3 Rd1+ 28. Kf2 Rd2+ 29. Kf3 Rxa2 30. Rd4+ Kc8 31. Rc4 Kb7 32. Rb4+ Ka7 33. Rc4 Kb6 34. Rb4+ Kc5 35. Rc4+ Kb5 36. Re4 Rb2 37. Re7 Kb6 38. Rxf7 Rxb3 39. Rxg7 a5 40. Rxh7 a4 41. Rh8 Kb7 42. Rh4 a3 43. Ra4 Kb6 44. h4 Kb5 45. Ra8 c5 46. h5 c4 47. h6 Rb1 48. Rb8+ 1-0


[Site "https://www.chess.com"]

[Event "Titled Tuesday Blitz July 11 Late 2023"]
[White "Rakitic2010"]
[Black "Bazeev, German"]
[BlackFideId "24119350"]
[WhiteElo "2507"]
[BlackElo "2799"]
[Result "1/2-1/2"]
[Round "3"]
[TimeControl "180+2"]
[Date "2023.07.11"]
[WhiteClock "0:00:13"]
[BlackClock "0:00:12"]
[Board "62"]

1. e4 c5 2. Nf3 e6 3. d4 cxd4 4. Nxd4 a6 5. Bd3 Qc7 6. O-O Nf6 7. Qe2 d6 8. c4 b6 9. Nc3 Bb7 10. f4 Nbd7 11. Be3 Be7 12. Rae1 h5 13. Bf2 Ng4 14. f5 d5 15. Bg3 Qc5 16. exd5 Qxd4+ 17. Kh1 e5 18. Be4 Bd6 19. h3 Qc5 20. Na4 Qc7 21. hxg4 hxg4+ 22. Kg1 b5 23. cxb5 axb5 24. Nc3 Ba6 25. Bf2 g3 26. Be3 Qb7 27. b4 Bxb4 28. d6 Qb8 29. Nd5 Bxd6 30. Qg4 Kf8 31. f6 Nxf6 32. Nxf6 gxf6 33. Rxf6 Be7 34. Ref1 Bxf6 35. Rxf6 Ra7 36. Bc5+ Re7 37. Qe6 Qe8 38. Bc6 Kg7 39. Qxe7 Qxe7 40. Bxe7 Rc8 41. Bd5 b4 42. Rxf7+ Kg6 43. Rf1 Bxf1 44. Kxf1 Rc7 45. Bxb4 Rc1+ 46. Ke2 Kf5 47. Bb3 e4 48. Bd2 Rg1 49. Ke3 Rxg2 50. Bc2 Rxd2 51. Bxe4+ Ke5 52. Kxd2 Kxe4 53. Ke2 Kf4 54. a4 Ke5 55. Kf3 Kd6 56. Kg2 Kc7 57. Kg1 Kb7 58. Kg2 Ka7 59. Kg1 Ka6 60. Kg2 Ka5 61. Kg1 Kxa4 62. Kg2 Ka3 63. Kg1 g2 64. Kf2 g1=Q+ 65. Kxg1 1/2-1/2


[Site "https://www.chess.com"]

[Event "Titled Tuesday Blitz July 11 Late 2023"]
[White "Krzyzanowski, Marcin"]
[Black "Peycheva, Gergana"]
[WhiteFideId "1132199"]
[BlackFideId "2916711"]
[WhiteElo "2791"]
[BlackElo "2505"]
[Result "1-0"]
[Round "3"]
[TimeControl "180+2"]
[Date "2023.07.11"]
[WhiteClock "0:00:07"]
[BlackClock "0:00:06"]
[Board "63"]

1. Nf3 d5 2. g3 Nf6 3. Bg2 e6 4. O-O Be7 5. d3 O-O 6. Nbd2 b6 7. a4 a5 8. Re1 Bb7 9. c3 Na6 10. Qc2 Nc5 11. d4 Nce4 12. Nxe4 dxe4 13. Ng5 c5 14. Nxe4 Nxe4 15. Bxe4 Bxe4 16. Qxe4 cxd4 17. cxd4 Rc8 18. Bd2 Rc4 19. Bc3 Qd7 20. e3 Rfc8 21. h4 Bf6 22. Qc2 e5 23. dxe5 Bxe5 24. Rad1 Qg4 25. Qd3 Bc7 26. b3 Rc5 27. Bd4 Rd5 28. Qe2 Qe6 29. Ba1 h6 30. Rxd5 Qxd5 31. Qd1 Rd8 32. Qxd5 Rxd5 33. Bd4 b5 34. Rc1 Bd6 35. Rc8+ Kh7 36. Ra8 bxa4 37. bxa4 Bb4 38. Kg2 Rd7 39. Kf3 Rc7 40. h5 Rc6 41. Ra7 f6 42. Kg4 Rc4 43. f4 Bc5 44. Bxc5 Rxc5 45. Ra6 Rc4 46. Rxa5 Re4 47. Ra6 Rb4 48. Kf3 Rb3 49. g4 Kh8 50. f5 Kg8 51. Kf4 Kf7 52. e4 Rb4 53. Ra7+ Kf8 54. a5 Ra4 55. Ke3 Ra3+ 56. Kd4 Rg3 57. a6 Rxg4 58. Rb7 Rg3 59. a7 1-0


[Site "https://www.chess.com"]

[Event "Titled Tuesday Blitz July 11 Late 2023"]
[White "Forgacs, Attila Jr."]
[Black "Bartel, Mateusz"]
[WhiteFideId "773654"]
[BlackFideId "1112635"]
[WhiteElo "2504"]
[BlackElo "2782"]
[Result "0-1"]
[Round "3"]
[TimeControl "180+2"]
[Date "2023.07.11"]
[WhiteClock "0:00:00"]
[BlackClock "0:00:49"]
[Board "64"]

1. e4 c5 2. Nf3 e6 3. d4 cxd4 4. Nxd4 Nf6 5. Nc3 d6 6. Be3 a6 7. f3 b5 8. Qd2 Nbd7 9. g4 Nb6 10. a4 b4 11. Na2 d5 12. e5 Nfd7 13. f4 a5 14. Bb5 Qc7 15. b3 Bb7 16. O-O-O Be7 17. Kb1 O-O 18. h4 Nc5 19. h5 Nc4 20. bxc4 dxc4 21. Bxc4 Bxh1 22. Rxh1 Nxa4 23. Bd3 Nc3+ 24. Ka1 Rfd8 25. g5 Bc5 26. g6 Rxd4 27. Bxd4 Bxd4 28. gxf7+ Kf8 29. Qg2 Rb8 30. h6 g6 31. Bxg6 Nxa2+ 32. Kb1 b3 0-1


[Site "https://www.chess.com"]

[Event "Titled Tuesday Blitz July 11 Late 2023"]
[White "Khanin, Semen"]
[Black "Trifan, Andrei Ioan"]
[WhiteFideId "4111990"]
[BlackFideId "12967068"]
[WhiteElo "2767"]
[BlackElo "2498"]
[Result "0-1"]
[Round "3"]
[TimeControl "180+2"]
[Date "2023.07.11"]
[WhiteClock "0:01:13"]
[BlackClock "0:01:20"]
[Board "65"]

1. e4 e5 2. Nf3 Nc6 3. Nc3 Nf6 4. h3 d5 5. exd5 Nxd5 6. Bb5 Nxc3 7. bxc3 Bd6 8. d4 exd4 9. O-O O-O 10. cxd4 h6 11. c4 Qf6 12. Re1 Bb4 13. Re3 a6 14. Ba4 Ne7 15. Bb2 Nf5 16. Re2 Nh4 17. Nxh4 Qxh4 18. Qd3 Be7 19. Bc2 g6 20. g3 Qf6 21. d5 Qxb2 22. Rae1 Bf5 23. Qd2 Bb4 24. Qxh6 Bxe1 25. Bd3 Qg7 0-1


[Site "https://www.chess.com"]

[Event "Titled Tuesday Blitz July 11 Late 2023"]
[White "Koc, Przemyslaw"]
[Black "Goltsev, Dmitry"]
[WhiteFideId "1109081"]
[BlackFideId "24176710"]
[WhiteElo "2497"]
[BlackElo "2765"]
[Result "1-0"]
[Round "3"]
[TimeControl "180+2"]
[Date "2023.07.11"]
[WhiteClock "0:00:23"]
[BlackClock "0:00:11"]
[Board "66"]

1. Nf3 d5 2. g3 c6 3. Bg2 Nf6 4. O-O g6 5. c4 Bg7 6. d3 O-O 7. Nc3 Nbd7 8. cxd5 Nxd5 9. Bd2 e5 10. Nxd5 cxd5 11. Bc3 a6 12. a4 f5 13. e4 fxe4 14. dxe4 d4 15. Bb4 Re8 16. a5 Nf6 17. Ng5 Nd5 18. h4 Nxb4 19. Qb3+ Nd5 20. exd5 Qd6 21. Rac1 Rf8 22. Ne4 Qd8 23. d6+ Kh8 24. Rc7 Rb8 25. Ng5 Qxd6 26. Nf7+ Rxf7 27. Qxf7 Qf8 28. Qxf8+ Bxf8 29. Rfc1 Bf5 30. Rxb7 Rxb7 31. Bxb7 Bb4 32. Bxa6 d3 33. Bxd3 Bxd3 34. Rc8+ Kg7 35. Ra8 e4 36. a6 Bc5 37. a7 Kh6 38. b4 Bd4 39. g4 Bb6 40. g5+ Kh5 41. Rh8 Bxa7 42. Rxh7+ Kg4 43. Rxa7 Kxh4 44. Ra5 Kg4 45. b5 e3 46. fxe3 Be4 47. b6 Kf3 48. Ra7 Kg3 49. b7 Bxb7 50. Rxb7 Kh4 51. Rf7 Kh3 52. e4 Kg4 53. e5 Kh5 54. e6 Kg4 55. e7 Kh5 56. e8=Q Kg4 57. Qe4+ Kh5 58. Qh1+ Kg4 59. Qg2+ Kh5 60. Rh7# 1-0


[Site "https://www.chess.com"]